Match 41994567
Unlisted

Match 41994567
End
Vickers Machine Gun Team
Selects Australian Defense Battlegroup
Selects Australian Defense Battlegroup
Selects Australian Defense Battlegroup
Selects Australian Defense Battlegroup
Selects Australian Light Infantry Section
Australian Light Infantry Section
Australian Light Infantry Section
Australian Light Infantry Section
Selects 2-pounder Anti-tank Gun Team
Construct Field Infirmary
Construct Section Command Post
Construct Platoon Command Post
Selects CMP 15cwt Supply Run
Humber Armored Car
Selects Artillery Trip Wire Flares
Infantry Training
2-pounder Anti-tank Gun Team
Australian Light Infantry Section
Australian Light Infantry Section
Construct Company Command Post
2-pounder Anti-tank Gun Team
Crusader II Medium Tank
Selects Archer Tank Destroyer
Crusader II Medium Tank
STALKER4732
Nithralder
Fiskebalsam
jhc0928d
Adelfos88
[PD]Lurgi
General Feldsalat
[PD] [9C] [FT] Claudius Tacitus
0
0

Comments sign in to comment!

No comments posted yet!